Map: [G8] NeoHumanity

Players

Elazer

  • Race: Zerg Zerg
  • Spawn Location: 11:00

ByuN - Winner!

  • Race: Terran Terran
  • Spawn Location: 5:00

Event: Gamers8 2023

VOD

Have the link to the VOD?

Description

Time

  • Played on: Aug. 3, 2023, 9:19 a.m.
  • Length: 20:49

All games in this series

Show
View Real Time Build Order
Export as new Build Order

Elazer Zerg 

Build Orders: Hatch First 

Get SALT Encoding   

  12  0:00  Drone  
  13  0:12  Overlord  
  13  0:17  Drone  
  14  0:30  Drone x2  
  16  0:48  Hatchery  
  15  0:51  Drone  
  15  0:55  Drone  
  17  0:58  Drone  
  18  1:09  Extractor  
  17  1:13  Spawning Pool  
  17  1:17  Drone  
  17  1:21  Drone  
  18  1:28  Drone  
  19  1:38  Drone  
  20  1:51  Drone  
  21  2:00  Queen x2  
  21  2:01  Zergling x4  
  27  2:11  Zergling x2  
  27  2:12  Overlord  
  27  2:13  Metabolic Boost  
  28  2:35  Drone x4  
  31  2:41  Queen  
  33  2:45  Overlord  
  33  2:46  Drone  
  34  2:59  Hatchery  
  34  3:02  Drone x2  
  35  3:10  Drone x2  
  35  3:11  Overlord  
  37  3:17  Drone x4  
  41  3:27  Overlord  
  41  3:29  Queen  
  43  3:35  Drone  
  43  3:38  Drone  
  45  3:43  Queen  
  45  3:45  Zergling x8  
  51  3:49  Overlord  
  51  3:54  Drone x4  
  55  4:03  Overlord  
  55  4:04  Queen  
  55  4:08  Drone  
  58  4:14  Drone x2  
  58  4:15  Queen  
  61  4:19  Drone  
  61  4:23  Drone x4  
  66  4:29  Drone  
  67  4:31  Drone  
  67  4:33  Drone  
  67  4:36  Drone  
  67  4:38  Overlord  
  70  4:39  Zergling x4  
  70  4:41  Queen  
  70  4:43  Queen  
  76  4:46  Overlord  
  76  4:50  Zergling x6  
  79  4:54  Queen  
  79  4:57  Zergling x12  
  79  4:59  Overlord  
  87  5:03  Zergling x2  
  87  5:06  Spore Crawler  
  86  5:07  Spore Crawler  
  86  5:08  Spore Crawler  
  84  5:15  Overlord, Drone x2  
  84  5:16  Drone x4  
  90  5:22  Lair  
  90  5:27  Drone x8  
  98  5:38  Extractor, Baneling Nest  
  98  5:40  Extractor, Drone x3  
  98  5:41  Hatchery  
  97  5:45  Overlord  
  97  5:55  Overlord  
  97  5:58  Zergling x2  
  97  5:59  Zergling x18  
  107  6:04  Extractor  
  107  6:08  Zergling x2  
  107  6:11  Overlord  
  107  6:15  Drone  
  107  6:16  Evolution Chamber x2  
  107  6:17  Drone  
  107  6:21  Drone  
  107  6:22  Drone x2  
  107  6:24  Centrifugal Hooks  
  107  6:25  Overlord  
  110  6:27  Zergling x10  
  110  6:28  Hatchery  
  110  6:31  Overseer  
  114  6:37  Zergling x8  
  116  6:48  Drone  
  116  6:49  Zerg Ground Armor Level 1, Zerg Melee Weapons Level 1  
  116  6:51  Burrow  
  116  6:52  Hatchery  
  116  6:55  Zergling x12  
  116  6:58  Hatchery  
  121  7:06  Overlord  
  121  7:07  Zergling x14  
  128  7:22  Zergling x14  
  135  7:24  Baneling x13  
  135  7:25  Zergling x2  
  135  7:26  Zergling x4  
  133  7:30  Overlord  
  134  7:44  Zergling x16  
  134  7:51  Baneling x10  
  141  7:54  Zergling x14  
  148  8:00  Baneling x8  
  148  8:01  Baneling x2  
  148  8:02  Zergling x2  
  148  8:03  Zergling x2  
  149  8:09  Zergling x6  
  150  8:18  Zergling x20  
  150  8:27  Zergling x10  
  150  8:28  Zergling x2  
  150  8:30  Hatchery  
  150  8:33  Zergling x4  
  148  8:42  Zergling x8  
  127  8:52  Zergling x16  
  127  8:53  Baneling x4  
  127  8:54  Baneling x7  
  121  9:01  Zergling x4  
  121  9:02  Zergling x8  
  119  9:07  Queen x2, Zergling x2  
  109  9:16  Zergling x14  
  108  9:23  Zerg Melee Weapons Level 2, Zerg Ground Armor Level 2  
  108  9:24  Drone x3  
  111  9:32  Drone x4  
  111  9:33  Baneling x5  
  115  9:41  Zergling x6  
  118  9:50  Overlord  
  117  9:56  Drone x4  
  117  9:58  Baneling x6  
  121  10:08  Drone x4  
  121  10:12  Overlord  
  121  10:13  Queen x2, Baneling x2  
  125  10:17  Drone x2  
  125  10:18  Drone x3  
  125  10:19  Zergling x14  
  125  10:20  Baneling x7  
  135  10:28  Zergling x12  
  135  10:31  Spore Crawler  
  139  10:38  Zergling x4  
  139  10:39  Zergling x16  
  149  10:46  Spore Crawler  
  144  10:50  Queen x4  
  144  11:02  Spore Crawler  
  137  11:06  Drone x5  
  137  11:10  Drone x7  
  137  11:11  Zergling x18  
  147  11:26  Zergling x20  
  157  11:36  Drone x2  
  157  11:37  Hydralisk Den, Overlord x2  
  157  11:43  Zergling x14  
  161  11:51  Zerg Missile Weapons Level 1  
  161  11:53  Zergling x14  
  168  12:01  Drone  
  168  12:03  Spore Crawler  
  168  12:07  Zergling x20  
  174  12:19  Zergling x12  
  177  12:23  Grooved Spines  
  177  12:28  Overseer x2  
  177  12:29  Pneumatized Carapace  
  177  12:33  Drone x3  
  177  12:34  Extractor  
  179  12:40  Hatchery  
  177  12:44  Drone x3  
  177  12:46  Spore Crawler  
  177  12:47  Hydralisk x9  
  177  12:49  Overlord  
  197  12:52  Baneling x3  
  197  12:55  Baneling x3  
  197  13:08  Baneling x13  
  197  13:10  Infestation Pit  
  196  13:22  Hatchery  
  196  13:24  Zergling x8  
  196  13:26  Unknown  
  198  13:34  Muscular Augments  
  198  13:37  Baneling  
  198  13:47  Zerg Missile Weapons Level 2, Hive  
  195  14:00  Zergling x16  
  198  14:21  Baneling x2  
  198  14:22  Baneling x11  
  198  14:23  Baneling x6  
  198  14:24  Baneling x8  
  197  14:31  Drone x2  
  133  14:54  Zergling x42  
  133  14:56  Drone x10  
  133  14:57  Drone x2  
  157  15:01  Zergling x34  
  157  15:02  Adrenal Glands  
  174  15:10  Zergling x12  
  180  15:14  Zerg Ground Armor Level 3  
  180  15:16  Baneling x13, Hydralisk  
  180  15:17  Hydralisk x2  
  180  15:18  Viper x2  
  190  15:30  Zergling x12  
  190  15:31  Nydus Network  
  195  15:37  Extractor x2  
  195  15:38  Drone x3  
  195  15:39  Drone x3  
  195  15:41  Spore Crawler  
  195  15:42  Spine Crawler  
  197  15:43  Spine Crawler  
  197  15:44  Spine Crawler  
  197  15:46  Baneling x10  
  197  15:47  Drone x4  
  197  15:48  Hatchery  
  198  15:51  Spore Crawler x3  
  198  15:52  Spore Crawler  
  198  15:53  Overseer  
  194  16:02  Hatchery, Zergling x6  
  194  16:03  Zergling x12, Zerg Melee Weapons Level 3  
  198  16:25  Baneling x6  
  195  16:35  Nydus Canal  
  195  16:38  Overseer x2  
  195  16:54  Baneling x18  
  166  17:19  Zergling x2  
  166  17:20  Zergling x68  
  166  17:22  Zergling x30  
  191  17:26  Nydus Canal  
  191  17:35  Overlord  
  189  17:48  Hydralisk  
  189  17:49  Zergling x6  
  189  17:51  Baneling x27  
  183  17:52  Overlord x2  
  183  17:53  Overlord  
  183  17:55  Nydus Canal  
  183  18:02  Spore Crawler  
  183  18:03  Spore Crawler, Baneling  
  183  18:04  Baneling x12  
  183  18:05  Spore Crawler  
  180  18:11  Zergling x40  
  199  18:15  Nydus Canal  
  149  18:34  Hatchery  
  149  18:37  Zergling x2  
  149  18:38  Zergling x50  
  156  18:41  Hydralisk  
  156  18:50  Hydralisk x7  
  156  18:52  Baneling x8  
  170  18:58  Hydralisk  
  170  19:00  Baneling x10  
  170  19:01  Hydralisk x9  
  190  19:11  Zergling x2  
  190  19:12  Zergling x18  
  200  19:22  Baneling x11  
  180  19:31  Zergling x32  
  179  19:42  Zergling x40  
  179  19:45  Zergling x6  
  155  19:47  Overseer  
  155  19:48  Overseer  
  155  19:50  Zergling x8  
  144  19:53  Zergling x2  
  144  19:54  Zergling x4  
  144  19:57  Baneling x2, Hydralisk  
  144  19:58  Baneling x10, Hydralisk x4  
  152  20:10  Hydralisk  
  152  20:11  Hydralisk x17  
  177  20:19  Spire  
  177  20:20  Zergling x16  
  156  20:28  Zergling x2  
  156  20:29  Zergling x8  
Show
View Real Time Build Order
Export as new Build Order

ByuN Terran - Winner!

Build Orders:  

Get SALT Encoding   

  12  0:00  SCV  
  13  0:12  SCV  
  14  0:17  Supply Depot  
  14  0:24  SCV  
  15  0:39  SCV  
  15  0:41  Barracks  
  16  0:43  Refinery  
  16  0:51  SCV  
  17  0:59  Barracks  
  17  1:04  SCV  
  18  1:16  SCV  
  19  1:27  Reaper  
  19  1:28  Orbital Command  
  20  1:35  Supply Depot  
  20  1:46  Reaper  
  21  1:54  SCV  
  22  2:03  Reaper  
  22  2:06  SCV  
  24  2:11  Command Center  
  24  2:18  SCV  
  24  2:20  Refinery  
  25  2:31  SCV  
  26  2:43  SCV  
  26  2:44  Factory  
  27  2:55  SCV  
  27  2:57  Command Center  
  27  2:58  Barracks Reactor  
  28  3:00  Barracks Tech Lab  
  28  3:07  SCV  
  29  3:19  SCV  
  30  3:22  Marine  
  30  3:25  Orbital Command  
  31  3:28  Factory Tech Lab  
  31  3:29  Starport  
  31  3:32  SCV  
  32  3:36  Marine x2  
  34  3:42  Marine  
  34  3:45  SCV, Stimpack  
  36  3:53  SCV  
  36  3:55  Marine x2  
  38  3:57  SCV  
  38  4:00  Marine  
  41  4:05  Factory Reactor  
  41  4:06  SCV  
  43  4:13  Marine x2  
  43  4:15  Banshee  
  49  4:18  Marine  
  49  4:19  Refinery  
  49  4:20  SCV x2  
  49  4:22  Orbital Command  
  50  4:31  Marine x2  
  51  4:33  Supply Depot  
  51  4:34  SCV x2  
  51  4:36  Marine  
  55  4:46  SCV x2  
  55  4:48  Marine, Supply Depot  
  55  4:49  Marine  
  55  4:52  SCV  
  60  4:54  Marine  
  60  4:59  SCV x2, Supply Depot  
  63  5:06  Marine x2  
  65  5:08  Medivac  
  65  5:09  Medivac  
  65  5:11  Marine, SCV  
  65  5:12  SCV x2  
  73  5:16  Engineering Bay  
  73  5:21  Engineering Bay  
  73  5:24  Marine x2, Refinery  
  73  5:25  Siege Tank  
  73  5:27  SCV  
  73  5:28  SCV  
  80  5:29  Marine, Orbital Command  
  80  5:34  Supply Depot  
  81  5:40  SCV x2  
  81  5:42  Marine x2  
  85  5:44  Combat Shield  
  85  5:48  Terran Infantry Armor Level 1, Terran Infantry Weapons Level 1  
  85  5:55  Marine  
  85  5:56  SCV x2  
  88  6:00  Siege Tank  
  88  6:03  Barracks x2  
  88  6:04  Barracks, Supply Depot  
  91  6:11  SCV x2  
  93  6:22  Marine x3, SCV  
  93  6:23  SCV x2, Starport Reactor  
  99  6:27  Supply Depot  
  99  6:34  SCV, Armory  
  99  6:35  SCV  
  101  6:40  Marine x3  
  101  6:45  SCV  
  101  6:46  SCV  
  106  6:47  SCV  
  106  6:49  Siege Tank  
  106  6:53  Supply Depot  
  110  6:57  Barracks Reactor x2, SCV  
  110  6:58  Marine x3  
  110  6:59  SCV x2  
  116  7:04  Supply Depot  
  116  7:09  SCV  
  116  7:15  Marine x3, SCV x2, Supply Depot  
  121  7:16  Marine x2  
  121  7:21  SCV, Supply Depot  
  125  7:26  Siege Tank  
  125  7:27  SCV x2  
  129  7:32  Medivac  
  129  7:33  Medivac, Marine x3  
  129  7:36  Marine x2  
  135  7:38  Supply Depot  
  135  7:39  Supply Depot  
  135  7:43  Supply Depot  
  135  7:45  Supply Depot  
  135  7:46  Marine  
  135  7:47  Marine x3, Supply Depot  
  135  7:50  Marine x2  
  141  7:51  Marine  
  141  7:52  Terran Infantry Weapons Level 2  
  141  7:53  Terran Infantry Armor Level 2  
  141  7:54  Marine x2  
  141  7:55  Terran Vehicle Weapons Level 1  
  144  8:04  Marine  
  145  8:10  SCV  
  145  8:11  SCV  
  146  8:13  SCV  
  146  8:14  Marine x2  
  146  8:15  Marine  
  144  8:21  Marine x2  
  144  8:22  SCV  
  144  8:23  SCV  
  144  8:25  SCV  
  144  8:27  Command Center  
  149  8:29  Medivac x2  
  149  8:30  Siege Tank  
  156  8:34  SCV  
  156  8:35  SCV  
  156  8:37  SCV  
  159  8:47  Marine  
  145  8:49  Marine  
  145  8:50  Marine x4  
  145  8:51  Marine  
  109  9:02  Siege Tank  
  111  9:03  SCV x2  
  111  9:06  Marine x2  
  111  9:07  Marine x2  
  111  9:08  Orbital Command  
  112  9:15  SCV x2  
  106  9:24  Marine  
  106  9:25  Marine x7  
  106  9:26  Marine  
  106  9:27  SCV x2  
  117  9:35  Siege Tank, Liberator x2  
  117  9:36  SCV  
  127  9:39  SCV  
  127  9:40  SCV  
  127  9:43  Command Center  
  129  9:48  SCV  
  129  9:52  Marine, SCV x2  
  132  9:53  Marine x4  
  132  9:54  Marine  
  132  9:56  Marine  
  132  9:57  Marine  
  132  9:58  Marine  
  141  10:09  Supply Depot  
  141  10:11  Factory  
  141  10:15  Siege Tank, Terran Vehicle Weapons Level 2  
  141  10:17  Terran Infantry Weapons Level 3  
  153  10:33  SCV x3  
  153  10:35  Liberator x2  
  153  10:39  Refinery x2, Supply Depot  
  153  10:43  Marine x8  
  153  10:47  Siege Tank  
  164  10:56  Marine  
  165  11:01  Marine x4  
  162  11:05  Barracks  
  162  11:06  Barracks  
  162  11:07  Barracks  
  161  11:14  Marine  
  161  11:15  Marine x2  
  161  11:16  Factory Tech Lab  
  161  11:17  SCV  
  161  11:18  SCV x2  
  156  11:19  Siege Tank  
  156  11:22  Terran Infantry Armor Level 3  
  159  11:33  Medivac x2  
  159  11:34  SCV x2  
  159  11:35  SCV  
  166  11:46  SCV x2  
  166  11:47  SCV  
  169  11:52  Siege Tank  
  169  11:53  Siege Tank  
  175  11:57  Barracks Tech Lab x3  
  175  11:59  SCV x3  
  175  12:00  Orbital Command  
  178  12:06  Command Center  
  170  12:11  SCV  
  170  12:13  SCV x2  
  173  12:18  Liberator x2  
  179  12:23  SCV  
  179  12:24  Siege Tank, Refinery  
  179  12:25  SCV x2  
  179  12:28  Command Center, SCV  
  186  12:32  Siege Tank  
  189  12:44  Ghost Academy  
  189  12:48  Refinery, SCV x3  
  189  12:49  Command Center  
  189  12:50  Missile Turret  
  192  12:52  Missile Turret  
  192  13:07  Command Center  
  192  13:08  Missile Turret  
  192  13:13  Ghost  
  192  13:14  Ghost, Supply Depot  
  192  13:17  Ghost  
  198  13:29  Command Center  
  198  13:35  Ghost  
  198  13:37  Personal Cloaking  
  200  13:49  Orbital Command  
  200  13:56  Missile Turret  
  200  13:57  Sensor Tower, Missile Turret  
  200  13:58  Terran Vehicle Weapons Level 3  
  200  13:59  Orbital Command  
  193  14:10  Ghost x3  
  192  14:27  Liberator x2  
  192  14:28  Ghost  
  200  14:32  Missile Turret  
  200  14:34  Missile Turret  
  200  14:35  Orbital Command  
  200  14:37  Unknown  
  200  14:43  Command Center  
  200  14:44  Command Center  
  193  14:47  Siege Tank x2  
  193  14:52  SCV x2  
  177  14:56  SCV x2  
  177  15:01  SCV  
  177  15:05  Planetary Fortress, Orbital Command  
  176  15:09  Missile Turret  
  176  15:10  SCV x4  
  178  15:17  Sensor Tower  
  178  15:18  Hi-Sec Auto Tracking, Neosteel Armor  
  178  15:19  Siege Tank  
  181  15:24  Siege Tank  
  181  15:25  Orbital Command  
  184  15:35  Factory  
  184  15:36  Factory  
  184  15:39  Factory  
  184  15:46  Marauder x3  
  184  15:47  Marauder, Command Center  
  192  15:51  Siege Tank  
  192  15:56  Sensor Tower  
  195  15:59  Orbital Command x2  
  195  16:00  Armory  
  194  16:17  Command Center, Concussive Shells  
  194  16:20  Command Center  
  194  16:23  Ghost x3  
  200  16:35  Terran Vehicle And Ship Armor Level 1  
  200  16:45  Ghost  
  192  16:50  Terran Ship Weapons Level 1  
  192  16:52  Ghost  
  194  16:56  Factory Tech Lab  
  194  16:57  Factory Reactor  
  194  16:58  Factory Reactor  
  194  17:00  Planetary Fortress  
  194  17:05  Command Center  
  192  17:13  Ghost  
  181  17:16  Ghost  
  181  17:17  Siege Tank  
  181  17:18  Ghost  
  177  17:28  Marine  
  178  17:34  Liberator  
  178  17:35  Liberator  
  182  17:45  Ghost x2  
  182  17:46  Ghost x2  
  182  17:48  Hellbat x2  
  182  17:49  Hellbat x2  
  182  17:51  Orbital Command  
  184  17:57  Siege Tank  
  187  18:09  Hellbat x2  
  187  18:10  Hellbat  
  187  18:11  Sensor Tower  
  193  18:14  Ghost x3  
  198  18:27  Hellbat x2  
  198  18:31  Siege Tank, Ghost  
  188  18:34  Siege Tank  
  186  18:42  Ghost  
  186  18:43  Hellbat x3  
  186  18:45  Smart Servos  
  186  18:46  Infernal Pre-Igniter  
  199  18:48  Siege Tank, Hellbat  
  199  19:18  Missile Turret  
  195  19:27  Siege Tank  
  195  19:28  Hellbat x2  
  195  19:30  Siege Tank  
  194  19:35  Siege Tank  
  194  19:37  Hellbat  
  193  19:44  Ghost x2  
  193  19:45  Ghost x2  
  176  19:47  Hellbat  
  176  19:48  Medivac x2  
  176  19:50  Hellbat  
  186  19:54  Command Center  
  186  19:55  Hellbat  
  186  19:58  Hellbat  
  186  19:59  Siege Tank  
  192  20:02  Siege Tank  
  195  20:17  Orbital Command  
Tags
 
Add a new tag
Caveats
  • Supply blocks, unpowered buildings, or Contaminate may cause inaccurate times.
  • Supply counts are checked every 10 seconds.